 Dungeon Crawl Stone Soup version 0.18-a0-1353-gf2a912f (webtiles) character file.

23 KarvaRausku the Caller (level 2, -5/11 HPs)
             Began as a Felid Summoner on Feb 19, 2016.
             Killed from afar by Ijyb (11 damage)
             ... with a wand of flame
             ... on level 2 of the Dungeon.
             The game lasted 00:03:56 (1006 turns).

KarvaRausku the Caller (Felid Summoner)             Turns: 1006, Time: 00:03:56

Health: -5/11      AC:  1    Str:  4    XL:     2   Next: 75%
Magic:  4/6        EV: 18    Int: 16    God:
Gold:   26         SH:  0    Dex: 16    Spells: 2 memorised, 3 levels left
                                        Lives:  0   Deaths: 0

rFire  . . .     SeeInvis +     (weapon unavailable)
rCold  . . .     Gourm    .     (armour unavailable)
rNeg   . . .     Faith    .     (shield unavailable)
rPois  .         Spirit   .     (helmet unavailable)
rElec  .         Dismiss  +     (cloak unavailable)
rCorr  .         Reflect  .     (gloves unavailable)
SustAt .         Harm     .     (boots unavailable)
MR     .....                    f - amulet of dismissal
Stlth  +++.......               (no ring)
                                (no ring)

@: quick, not resistant to hostile enchantments, fairly stealthy
A: no armour, no weapons or thrown items, claws 1, fangs 3, see invisible,
carnivore 3, speed 1, shaggy fur 1, slow metabolism 1, sharp paws
a: no special abilities


You were on level 2 of the Dungeon.
You were completely stuffed.

You visited 1 branch of the dungeon, and saw 2 of its levels.

You collected 26 gold pieces.

Inventory:

Jewellery
 f - an amulet of dismissal (around neck)
Scrolls
 c - 2 scrolls of identify {unknown}
 d - a scroll of noise {unknown}
 e - a scroll of magic mapping {unknown}
 h - a scroll of fog {unknown}
 i - 2 scrolls of remove curse {unknown}
Potions
 g - 2 potions of flight {unknown}
Books
 a - a book of Callings

   Spells                             Type                      Level
   a - Summon Small Mammal            Summoning                    1
   b - Call Imp                       Summoning                    2
   c - Call Canine Familiar           Summoning                    3
   d - Summon Guardian Golem          Hexes/Summoning              3
   e - Summon Lightning Spire         Summoning/Air                4
   f - Summon Ice Beast               Ice/Summoning                4
Comestibles
 b - a meat ration


   Skills:
 - Level 2.6 Dodging
 - Level 2.6 Stealth
 + Level 2.5 Spellcasting
 + Level 4.5 Summonings


You had 3 spell levels left.
You knew the following spells:

 Your Spells              Type           Power        Failure   Level  Hunger
a - Summon Small Mammal   Summ           ###.         3%          1    #......
b - Call Imp              Summ           ###.....     6%          2    ##.....


Dungeon Overview and Level Annotations

Branches:
Dungeon (2/15)

Altars:

Annotations:
D:2 Ijyb


Innate Abilities, Weirdness & Mutations

You cannot wear armour.
You are incapable of wielding weapons or throwing items.
You have sharp claws.
You have razor-sharp teeth.
You have supernaturally acute eyesight.
You are carnivorous and can eat meat at any time.
You cover ground quickly.
You are covered in fur (AC +1).
You have a slow metabolism.
Your sharp claws are effective at attacking unaware monsters.


Message History

There isn't anything here!
i - 2 scrolls labeled LALEGG TARUD (gained 1)
A hobgoblin and Ijyb come into view.
Casting: Summon Small Mammal
Confirm with . or Enter, or press ? or * to list all spells.
A beastly little devil appears in a puff of frigid air.
What do you say? t - Meow!
Orders for allies: a - Attack new target. r - Retreat! s - Stop attacking. w - Wait here. f - Follow me.
Anything else - Stay silent.
Gang up on whom?
Press: ? - help, Dir - move target cursor, f - Ijyb
Aim: Ijyb, wielding a dagger (resting) Attack!
Ijyb shouts!
You hear a shout! x8
Ijyb zaps a wand.
The puff of flame hits you!
Ouch! That really hurt!
You die...

#....# #....# #....#
###....# #....# #.....)#
##....# ##.#....#
##.....# #..#....# g
#......####.##....# ...
#.#....#....####5###.g...
..###.#..#####..5....#
### #.#.##.....#@#####
†.......#..#####.#
...##.### #.# ....#. ..#
...... .## ....#.. ..
..... . .. )...#. ...


You could see Ijyb and 2 friendly white imps.

Vanquished Creatures
  2 bats (D:1)
  2 kobolds
  4 rats
8 creatures vanquished.

Vanquished Creatures (collateral kills)
  An ooze (D:1)
  A giant gecko (D:1)
  3 hobgoblins (D:1)
  3 kobolds
  A giant newt (D:1)
  2 goblins
  4 rats (D:1)
15 creatures vanquished.

Grand Total: 23 creatures vanquished

Notes
Turn   | Place    | Note
--------------------------------------------------------------
     0 | D:1      | KarvaRausku the Felid Summoner began the quest for the Orb.
     0 | D:1      | Reached XP level 1. HP: 7/7 MP: 4/4
   164 | D:1      | Reached XP level 2. HP: 6/11 MP: 1/6
   271 | D:1      | Learned a level 2 spell: Call Imp
  1003 | D:2      | Noticed Ijyb
  1006 | D:2      | Killed from afar by Ijyb

Vault maps used:
D:1:      dpeg_arrival_simpleton_c, minmay_misc_feat_columns, minivault_23
D:2:      lemuel_zombie_altar_yredelemnul, xom_butterflies, first_bread,
          uniq_robin, uniq_iyjb

Action                   || total
-------------------------++-------
Melee: Unarmed           ||    47
 Cast: Summon Small Mamm ||    17
       Call Imp          ||     2
 Stab: Sleeping          ||     1
       Distracted        ||     1
  Eat: Chunk             ||     8
